 Dungeon Crawl Stone Soup version 0.29-a0-1023-g6ae1a4a2c7 (webtiles) character file.

Game seed: 1836094809934621011

109 Newt the Chopper (level 4, -1/36 (37) HPs)
             Began as a Palentonga Monk on Aug 11, 2022.
             Was a Priest of Kikubaaqudgha.
             Slain by Crazy Yiuf
             ... wielding a +3 quarterstaff of chaos
              (12 damage)
             ... on level 3 of the Dungeon.
             The game lasted 00:04:28 (2020 turns).

Newt the Chopper (Palentonga Monk)                  Turns: 2020, Time: 00:04:29

HP:   -1/36 (37)    AC: 10    Str: 18    XL:     4   Next: 60%
MP:   4/4           EV:  7    Int: 10    God:    Kikubaaqudgha [***...]
Gold: 169           SH:  0    Dex: 13    Spells: 3/3 levels left

rFire   . . .      SeeInvis +   y - +10 hammer of Erph {vorpal, rElec rC+}
rCold   + . .      Faith    .   (no shield)
rNeg    . . .      Spirit   .   j - +0 ring mail
rPois   .          Reflect  .   (no helmet)
rElec   +          Harm     .   (no cloak)
rCorr   .          Rampage  .   g - +0 pair of gloves
Will    .....                   r - +0 barding
Stlth   +.........              (no amulet)
HPRegen 0.12/turn               (no ring)
MPRegen 0.09/turn               (no ring)

@: lightly drained
A: large, rugged brown scales 3, see invisible, deformed body, roll 1, armoured
tail
a: Rolling Charge, Renounce Religion, Unearth Wretches


You were on level 3 of the Dungeon.
You worshipped Kikubaaqudgha.
Kikubaaqudgha was most pleased with you.
You visited 1 branch of the dungeon, and saw 3 of its levels.

You collected 193 gold pieces.
You spent 24 gold pieces at shops.

Inventory:

Hand Weapons
 a - a +0 hand axe of electrocution
 d - a +3 short sword
 l - the +1 hammer of Cheibriados's Whim {vorpal, rPois rF- rC+ Str+3}
   (You found it on level 3 of the Dungeon)

   It inflicts extra damage upon your enemies.
   Str:       It affects your strength (+3).
   rF:        It makes you vulnerable to fire.
   rC:        It protects you from cold.
   rPois:     It protects you from poison.
 m - a +3 hand axe of venom
 n - a +4 hammer
 v - a +2 vorpal hammer
 w - the +7 hammer of Feyfag {vorpal, Str-3 Int+2 Stlth+}
   (You found it on level 3 of the Dungeon)

   It inflicts extra damage upon your enemies.
   Str:       It affects your strength (-3).
   Int:       It affects your intelligence (+2).
   Stlth:     It makes you more stealthy.
 x - a +0 hammer of venom
 y - the +10 hammer of Erph (weapon) {vorpal, rElec rC+}
   (You found it on level 3 of the Dungeon)

   It inflicts extra damage upon your enemies.
   rC:        It protects you from cold.
   rElec:     It insulates you from electricity.
 z - the +7 hammer of Conscience {elec, rC+}
   (You found it on level 3 of the Dungeon)

   It occasionally discharges a powerful burst of electricity upon striking a
   foe.
   rC:        It protects you from cold.
Missiles
 f - 6 atropa-tipped darts
 i - 5 poisoned darts
 u - a throwing net
Armour
 b - a +0 robe
 g - a +0 pair of gloves (worn)
 j - a +0 ring mail (worn)
 r - a +0 barding (worn)
Scrolls
 e - a scroll of identify
 o - a scroll of noise
 q - a scroll of teleportation
 t - a scroll of immolation
 A - a scroll of brand weapon
Potions
 c - a potion of ambrosia
 h - 4 potions of curing
 k - 2 potions of flight
 p - 3 potions of magic {unknown}
 s - a potion of cancellation {unknown}


   Skills:
 - Level 3.0 Fighting
 - Level 1.7 Short Blades
 - Level 4.9 Axes
 + Level 0.4(3.0) Maces & Flails
 - Level 2.4 Dodging
 - Level 1.2 Stealth


You had 3 spell levels left.
You didn't know any spells.
Your spell library contained the following spells:

 Spells                   Type           Power      Damage    Failure   Level
 Necrotise                Necr           0%         1d4       56%         1
 Sublimation of Blood     Necr           0%         N/A       71%         2
 Vampiric Draining        Necr           0%         2d6       90%         3
 Animate Dead             Necr           0%         N/A       100%        4
 Corpse Rot               Necr/Pois/Air  0%         N/A       100%        4
 Dispel Undead            Necr           0%         3d6       100%        4
 Agony                    Necr           0%         N/A       100%        5
 Death Channel            Necr           0%         N/A       100%        6
 Simulacrum               Ice/Necr       0%         N/A       100%        6


Dungeon Overview and Level Annotations

Branches:
Dungeon (3/15)

Altars:
Kikubaaqudgha
Trog
Yredelemnul

Shops:
D:1 *

Annotations:
D:3 Crazy Yiuf


Innate Abilities, Weirdness & Mutations

You are completely covered in rugged brown scales. (AC +3, +7% HP)
You have supernaturally acute eyesight. (SInv)
Armour fits poorly on your strangely shaped body.
You can roll at nearby foes to attack.
You have a long armoured tail.


Message History

No target in view!
No target in view!
You now have 169 gold pieces (gained 10).
There is an open door here.
There is an open door here.
You see here a +0 dagger.
Done exploring.
Done exploring.
There is an open door here.
You see here a +0 ring mail.
A frilled lizard comes into view.
The frilled lizard hisses angrily.
The frilled lizard bites you but does no damage.
You sock the frilled lizard!
You kill the frilled lizard!
Kikubaaqudgha accepts your kill.
No target in view!
No target in view!
There is a stone staircase leading down here.
You see here a +0 club.
You see here a +0 hammer.
You see here a +0 hammer.
Crazy Yiuf shouts!
Crazy Yiuf whimpers, "Walk sallow pontify!"
Done exploring.
You open the door. You closely miss Crazy Yiuf.
Crazy Yiuf hits you with a +3 quarterstaff of chaos.
You feel drained.
You hit Crazy Yiuf.
Crazy Yiuf is moderately wounded.
Crazy Yiuf laughs, "Shadow!"
Crazy Yiuf hits you with a +3 quarterstaff of chaos!
Crazy Yiuf freezes you.
You hit Crazy Yiuf.
Your tail-slap misses Crazy Yiuf.
Crazy Yiuf is severely wounded.
Crazy Yiuf hits you with a +3 quarterstaff of chaos!
Space warps horribly around you!
You die...
Kikubaaqudgha rasps: "You have failed me!
Welcome... death!"

..#..............#.............#
.................#.............#
.....##........................#
.#.......################รท..####
.#.......###))))))))#####...#
.......)<#))).).)))))))##..##
.........#.#####)))))))##..#
....8....#)#)..#))))))..#..#
..._.....#)#...g@.))).P....####
....8..###)#...#)....P........##
.........#)#####))).....#......##
.........#)))))))))))))##.......#
.........##)).##)))))))##.......#
.........################...>...#
........## #................#
.......## ##................#
.......# #####.............<...#


You could see Crazy Yiuf.

Vanquished Creatures
  5 adders
  2 worms
  An orc (D:3)
  4 endoplasms
  A giant cockroach (D:2)
  5 goblins
  6 hobgoblins
  2 jackals (D:1)
  5 quokkas
  7 ball pythons
  4 bats
  6 frilled lizards
  6 kobolds
  3 rats
57 creatures vanquished.

Vanquished Creatures (others)
  2 fungi (D:3)
2 creatures vanquished.

Grand Total: 59 creatures vanquished

Notes
Turn   | Place    | Note
-------+----------+-------------------------------------------
     0 | D:1      | Newt the Palentonga Monk began the quest for the Orb.
     0 | D:1      | Reached XP level 1. HP: 19/19 MP: 1/1
    19 | D:1      | Found Otredomu's General Store.
   212 | D:1      | Bought a scroll of identify for 24 gold pieces
   256 | D:1      | Reached XP level 2. HP: 25/25 MP: 2/2
   355 | D:1      | Reached skill level 1 in Short Blades
   772 | D:2      | Reached XP level 3. HP: 31/31 MP: 3/3
   816 | D:2      | Reached skill level 4 in Axes
  1163 | D:2      | Reached XP level 4. HP: 35/37 MP: 4/4
  1194 | D:2      | Found a basalt altar of Yredelemnul.
  1329 | D:3      | Found a faded altar of an unknown god.
  1354 | D:3      | Prayed at the altar of an unknown god.
  1354 | D:3      | Became a worshipper of Kikubaaqudgha
  1354 | D:3      | Reached * piety under Kikubaaqudgha
  1354 | D:3      | Received a gift from Kikubaaqudgha
  1354 | D:3      | Reached ** piety under Kikubaaqudgha
  1502 | D:3      | Found a runed translucent door.
  1504 | D:3      | Noticed Crazy Yiuf
  1507 | D:3      | Identified the +1 hammer of Cheibriados's Whim {vorpal,
                  | rPois rF- rC+ Str+3}
  1519 | D:3      | Identified the +7 hammer of Feyfag {vorpal, Str-3 Int+2
                  | Stlth+}
  1532 | D:3      | Identified the +10 hammer of Erph {vorpal, rElec rC+}
  1536 | D:3      | Identified the +7 hammer of Conscience {elec, rC+}
  1636 | D:3      | Reached *** piety under Kikubaaqudgha
  1636 | D:3      | Received a gift from Kikubaaqudgha
  1664 | D:3      | Found a bloodstained altar of Trog.
  2020 | D:3      | Slain by Crazy Yiuf

Illustrated notes

Levels and vault maps discovered:
D:1:      saegor_arrival_simple_a, layout_rooms, serial_shops, shop
D:2:      minmay_general_purpose_star, layout_rooms, basic_altar
D:3:      layout_rooms, mainiacjoe_overflow_paths,
          dreamdust_ecumenical_altar_statues, kennysheep_flooded_box,
          chequers_arboretum, minivault_24, uniq_crazy_yiuf_cottage

Skill      XL: |  1  2  3 |
---------------+----------+-----
Short Blades   | 1 |  1.7
Axes           | 4 |  4.9
Fighting       | |  3.0
Maces & Flails | |  0.4
Dodging        | |  2.4
Stealth        | |  1.2

Action                   |  1- 3 |  4- 6 || total
-------------------------+-------+-------++-------
Melee: Hand axe          |    54 |    23 ||    77
       Tailslap          |     9 |     3 ||    12
       Short sword       |    35 |       ||    35
       Punch             |     1 |       ||     1
       Mace              |       |    12 ||    12
 Abil: Rolling Charge    |     5 |     3 ||     8
  Use: Scroll            |     2 |     6 ||     8
 Stab: Sleeping          |     1 |       ||     1
Armor: Robe              |     4 |       ||     4
       Ring mail         |    22 |    15 ||    37
Dodge: Dodged            |    41 |     8 ||    49

Table legend: (Time is in decaauts)
 A = Elapsed time spent in this place.
 B = Non-inter-level travel time spent in this place.
 C = Inter-level travel time spent in this place.
 D = Time resting spent in this place.
 E = Time spent auto-exploring this place.
 F = Levels seen in this place.
 G = Mean time per level.
                   A        B        C        D        E       F      G
               +--------+--------+--------+--------+--------+-----+--------+
         Total |   2030 |   1843 |    187 |      0 |   1399 |   3 |  676.7 |
       Dungeon |   2030 |   1843 |    187 |      0 |   1399 |   3 |  676.7 |
               +--------+--------+--------+--------+--------+-----+--------+

Top non-repeatable levels by time:
     D:3: 736 daAuts
     D:1: 697 daAuts
     D:2: 596 daAuts
